 Dungeon Crawl Stone Soup version 0.27-b1-2-g8387495791 (webtiles) character file.

Game seed: 360113776062066987

8483 Cancer the Destroyer (level 11, 0/60 HPs)
             Began as a Gargoyle Conjurer on July 26, 2021.
             Was an Elder of Sif Muna.
             Slain by an unseen horror (5 damage)
             ... on level 9 of the Dungeon.
             The game lasted 00:51:34 (11635 turns).

Cancer the Destroyer (Gargoyle Conjurer)           Turns: 11635, Time: 00:51:35

Health: 0/60       AC: 14    Str: 11    XL:     11   Next: 31%
Magic:  6/25       EV: 27    Int: 22    God:    Sif Muna [****..]
Gold:   1185       SH:  0    Dex:  8    Spells: 23/30 levels left

rFire    . . .     SeeInvis .   J - +1 dagger (elec)
rCold    . . .     Faith    .   (no shield)
rNeg     + . .     Spirit   .   E - +2 robe {Archmagi}
rPois    ∞         Reflect  .   (no helmet)
rElec    +         Harm     .   l - +0 cloak
rCorr    .         Rampage  .   (no gloves)
Will     .....     Archmagi +   o - +0 pair of boots
Stlth    ++........             r - amulet of the acrobat
HPRegen  0.20/turn              (no ring)
MPRegen  0.19/turn              (no ring)

@: acrobatic
A: sickness immunity, AC +8, negative energy resistance 1, electricity
resistance, torment resistance 1, petrification resistance
a: Renounce Religion, Channel Magic, Forget Spell, Divine Exegesis


You were on level 9 of the Dungeon.
You worshipped Sif Muna.
Sif Muna was greatly pleased with you.
You visited 2 branches of the dungeon, and saw 10 of its levels.
You also visited: Sewer, Ossuary and Bailey.

You collected 1185 gold pieces.

Inventory:

Hand Weapons
 n - a +1 dagger of venom
 J - a +1 dagger of electrocution (weapon)
 M - a +1 trident of protection
Armour
 l - a +0 cloak (worn)
 o - a +0 pair of boots (worn)
 E - a +2 robe of the Archmagi (worn)
 R - a +2 leather armour of cold resistance
 U - a +0 leather armour of fire resistance
Magical Staves
 T - a staff of death
Jewellery
 r - an amulet of the acrobat (around neck)
Scrolls
 a - 3 scrolls of summoning {unknown}
 f - 2 scrolls of fog {unknown}
 g - 5 scrolls of amnesia {unknown}
 h - a scroll of enchant armour {unknown}
 j - 3 scrolls of magic mapping {unknown}
 k - a scroll of brand weapon {unknown}
 s - 4 scrolls of noise
 u - a scroll of holy word {unknown}
 w - 7 scrolls of teleportation {unknown}
 x - 2 scrolls of torment {unknown}
 y - 7 scrolls of identify {unknown}
 A - 2 scrolls of vulnerability {unknown}
 B - 2 scrolls of silence {unknown}
 C - 3 scrolls of enchant weapon {unknown}
 F - a scroll of acquirement {unknown}
 I - 3 scrolls of fear {unknown}
 L - 2 scrolls of immolation
Potions
 b - 7 potions of resistance {unknown}
 c - 3 potions of invisibility {unknown}
 d - 2 potions of lignification {unknown}
 e - 4 potions of degeneration
 i - 3 potions of cancellation {unknown}
 m - 2 potions of haste {unknown}
 p - 2 potions of magic {unknown}
 q - a potion of berserk rage {unknown}
 t - 2 potions of attraction {unknown}
 v - a potion of curing {unknown}
 G - 2 potions of mutation {unknown}
 H - 3 potions of brilliance {unknown}
 K - 2 potions of heal wounds {unknown}
 N - 3 potions of might {unknown}
 O - a potion of ambrosia {unknown}


   Skills:
 + Level 3.1 Fighting
 + Level 3.1 Armour
 + Level 2.9 Dodging
 - Level 4.0 Stealth
 + Level 10.3 Spellcasting
 + Level 12.4 Conjurations
 - Level 4.0 Hexes


You had 23 spell levels left.
You knew the following spells:

 Your Spells              Type           Power      Damage    Failure   Level
a - Magic Dart            Conj           100%       1d8       1%          1
b - Searing Ray           Conj           100%       3d7       1%          2
c - Fulminant Prism       Conj/Hex       31%        3d16      1%          4

Your spell library contained the following spells:

 Spells                   Type           Power      Damage    Failure   Level
 Dazzling Flash           Conj/Hex       100%       N/A       1%          3
 Iskenderun's Mystic Bla  Conj/Tloc      55%        2d12      4%          4
 Wereblood                Tmut           16%        N/A       9%          2
 Summon Hydra             Summ           8%         N/A       100%        7
 Sublimation of Blood     Necr           Unusable   N/A       N/A         2

Dungeon Overview and Level Annotations

Branches:
Dungeon (9/15)             Temple (1/1) D:5            Lair (0/6) D:8
  Sewer (visited)         Ossuary (visited)          Bailey (visited)
    Orc: D:9-12

Altars:
Ashenzari
Dithmenos
Elyvilon
Fedhas
Gozag
Hepliaklqana
Kikubaaqudgha
Makhleb
Nemelex Xobeh
Okawaru
Qazlal
Ru
Sif Muna
Trog
Uskayaw
Vehumet
Wu Jian
Yredelemnul
Zin
The Shining One

Annotations:
D:8 stash


Innate Abilities, Weirdness & Mutations

You are immune to sickness and miasma.
Your stone body is resilient. (AC +8)
You are immune to poison.
You resist negative energy. (rN+)
You are resistant to electric shocks. (rElec)
You are resistant to unholy torment.
You are immune to petrification.


Message History

Press: ? - help, Shift-Dir - straight line You feel a surge of power!
The searing ray hits something! (Press . to maintain the ray.)
Something hits you but does no damage.
Casting: Searing Ray (safe; 1% risk of failure)
Confirm with . or Enter, or press ? or * to list all spells.
Restarting spell: Searing Ray (safe; 1% risk of failure)
Press: ? - help, Shift-Dir - straight line You feel a surge of power!
The searing ray hits something! (Press . to maintain the ray.)
Something hits you but does no damage.
The searing ray hits something!
Something hits you.
* * * LOW HITPOINT WARNING * * *
Something barely misses you. Something completely misses you.
Okay, then.
Casting: Searing Ray (safe; 1% risk of failure)
Confirm with . or Enter, or press ? or * to list all spells.
Aiming: Fulminant Prism (dangerous; 1% risk of failure)
Press: ? - help, Dir - move target You feel a surge of power!
You conjure a prism of explosive energy!
A fulminant prism comes into view.
Something hits you.
* * * LOW HITPOINT WARNING * * *
Casting: Fulminant Prism (dangerous; 1% risk of failure)
Confirm with . or Enter, or press ? or * to list all spells.
You can't see any susceptible monsters within range! (Use Z to cast anyway.)
Casting: Fulminant Prism (dangerous; 1% risk of failure)
Confirm with . or Enter, or press ? or * to list all spells.
Aiming: Searing Ray (safe; 1% risk of failure)
Press: ? - help, Shift-Dir - straight line You feel a surge of power! (Press . to maintain the ray.)
Something hits you.
* * * LOW HITPOINT WARNING * * *
Something hits you but does no damage.
Your fulminant prism crackles loudly.
Something hits you.
You die...

##########
#@.......#
#........#
#...*....########
#................
#.....)..........
#................
#................
###..............
#..............


You could see a friendly fulminant prism (unaware).

Vanquished Creatures
  2 two-headed ogres
  An orc knight (Bailey)
  9 yaks
  Eustachio (D:6)
  5 water moccasins (D:8)
  Menkaure (D:5)
  11 orc warriors
  A hornet zombie (D:5)
  3 ice beasts
  A sky beast (D:4)
  4 black bears (D:8)
  A necrophage (D:5)
  2 ogres
  5 centaurs
  Blork the orc (D:6)
  5 kobold brigands
  6 bullfrogs (D:8)
  A water moccasin zombie (D:5)
  A scorpion (D:5)
  A water moccasin skeleton (D:4)
  A howler monkey (D:8)
  A bullfrog zombie (D:5)
  2 hounds
  A jelly (D:6)
  Crazy Yiuf (D:2)
  5 orc priests
  2 bullfrog skeletons (D:5)
  2 gnoll shamans
  A centaur skeleton (D:6)
  2 iguanas
  Natasha (thrice) (D:2)
  6 orc wizards
  A killer bee zombie (D:8)
  A hound skeleton (D:4)
  4 mummies (Ossuary)
  9 gnolls
  A howler monkey skeleton (D:5)
  8 adders
  6 river rats (Sewer)
  A white imp (D:6)
  An adder skeleton (D:5)
  2 worms
  5 dart slugs
  58 orcs
  3 endoplasms
  4 giant cockroaches
  3 gnoll zombies (Ossuary)
  7 goblins
  7 hobgoblins
  11 jackals
  39 kobolds
  5 quokkas
  10 ball pythons
  8 bats
  2 frilled lizards (D:2)
  2 hobgoblin zombies (Ossuary)
  A kobold zombie (Ossuary)
  2 orc zombies (Ossuary)
  24 rats
314 creatures vanquished.

Vanquished Creatures (others)
  17 fulminant prisms
  51 fungi (D:8)
  59 plants
127 creatures vanquished.

Grand Total: 441 creatures vanquished

Notes
Turn   | Place    | Note
-------+----------+-------------------------------------------
     0 | D:1      | Cancer the Gargoyle Conjurer began the quest for the Orb.
     0 | D:1      | Reached XP level 1. HP: 10/10 MP: 3/3
   496 | D:1      | Reached XP level 2. HP: 15/15 MP: 1/5
   499 | D:1      | Learned a level 2 spell: Searing Ray
  1521 | D:2      | Reached XP level 3. HP: 19/19 MP: 0/7
  1641 | D:2      | Found a runed translucent door.
  1642 | D:2      | Noticed Crazy Yiuf
  1675 | D:2      | Reached skill level 5 in Conjurations
  1675 | D:2      | Noticed Natasha
  1711 | D:2      | Killed Natasha
  1781 | D:2      | Reached XP level 4. HP: 24/24 MP: 3/8
  2116 | D:2      | Found a faded altar of an unknown god.
  2187 | D:2      | Noticed Natasha
  2190 | D:2      | Killed Natasha
  2472 | D:2      | Killed Crazy Yiuf
  2473 | D:2      | Reached XP level 5. HP: 21/28 MP: 2/10
  2579 | D:2      | Noticed Natasha
  2584 | D:2      | Killed Natasha
  2608 | D:3      | Reached skill level 6 in Conjurations
  3230 | D:3      | Reached XP level 6. HP: 32/32 MP: 8/12
  4181 | D:4      | Noticed a sky beast
  4330 | D:4      | Killed a sky beast
  4331 | D:4      | Reached skill level 7 in Conjurations
  4331 | D:4      | Reached XP level 7. HP: 36/36 MP: 7/14
  4486 | D:5      | Entered Level 5 of the Dungeon
  4530 | D:5      | Noticed Menkaure
  4543 | D:5      | Reached skill level 5 in Spellcasting
  4641 | D:5      | Killed Menkaure
  4923 | D:5      | Found a broken altar of Ashenzari.
  4936 | D:5      | Reached skill level 8 in Conjurations
  4939 | D:5      | Reached XP level 8. HP: 41/41 MP: 8/16
  5268 | D:5      | Reached skill level 9 in Conjurations
  5611 | D:5      | Found an opulent altar of Gozag.
  5612 | D:5      | Found a shadowy altar of Dithmenos.
  5614 | D:5      | Found a stormy altar of Qazlal.
  5787 | D:5      | Found an iron altar of Okawaru.
  5935 | D:5      | Found a staircase to the Ecumenical Temple.
  6149 | Temple   | Entered the Ecumenical Temple
  6365 | Temple   | Became a worshipper of Sif Muna the Loreminder
  6409 | D:6      | Noticed a yak
  6409 | D:6      | Noticed a two-headed ogre
  6532 | D:6      | Found a glowing drain.
  6533 | D:6      | Noticed Eustachio
  6540 | D:6      | Killed Eustachio
  6541 | D:6      | Reached XP level 9. HP: 38/45 MP: 4/20
  6555 | Sewer    | Entered a sewer
  6766 | Sewer    | Reached * piety under Sif Muna
  6977 | Sewer    | Reached skill level 10 in Conjurations
  7313 | D:6      | Noticed Blork the orc
  7320 | D:6      | Killed Blork the orc
  7616 | D:6      | Learned a level 4 spell: Fulminant Prism
  7677 | D:6      | Reached skill level 1 in Hexes
  7900 | D:6      | Reached ** piety under Sif Muna
  8163 | D:6      | Killed a two-headed ogre
  8164 | D:6      | Reached skill level 11 in Conjurations
  8164 | D:6      | Reached XP level 10. HP: 50/50 MP: 4/22
  8350 | D:7      | Found a flagged portal.
  8358 | Bailey   | Entered a bailey
  8364 | Bailey   | Noticed an orc knight
  8713 | Bailey   | Killed an orc knight
  9058 | D:7      | Found a sand-covered staircase.
  9064 | Ossuary  | Entered an ossuary
  9703 | D:7      | Found an ancient bone altar of Kikubaaqudgha.
  9708 | D:7      | Found a burning altar of Makhleb.
  9775 | D:7      | Noticed a two-headed ogre
  9951 | D:7      | Killed a two-headed ogre
  9952 | D:7      | Reached skill level 12 in Conjurations
 10200 | D:8      | Found a radiant altar of Vehumet.
 10206 | D:8      | Reached *** piety under Sif Muna
 10214 | D:8      | Reached skill level 1 in Fighting
 10214 | D:8      | Reached skill level 1 in Armour
 10214 | D:8      | Reached skill level 10 in Spellcasting
 10277 | D:8      | Reached XP level 11. HP: 45/56 MP: 3/25
 10731 | D:8      | Found a staircase to the Lair.
 11139 | D:8      | Reached **** piety under Sif Muna
 11635 | D:9      | Slain by an unseen horror

Illustrated notes

Levels and vault maps discovered:
D:1:      minmay_arrival_cross, layout_basic
D:2:      layout_rooms, hellmonk_ecumenical_altar_lost_god, uniq_natasha,
          uniq_crazy_yiuf_cottage
D:3:      layout_basic
D:4:      layout_rooms, hangedman_decor_growths
D:5:      layout_loops_cross, nicolae_overflow_hidden_temple, minitemple,
          minmay_temple_entry_overgrown, hangedman_abyss_or_decor_stagger,
          minmay_ruined_shrine, uniq_menkaure
D:6:      layout_cave_pools, cheibrodos_sewer_entry_drain, uniq_blork_the_orc,
          uniq_eustachio
D:7:      layout_loops_ring, grunt_temple_overflow_open, enter_bailey_2,
          nicolae_ossuary_entry_plus
D:8:      layout_loops_cross, vehumet_altar_wand_db,
          due_lair_maze_entry_diamond, special_room [special_room_orc],
          ebering_dispersal_statue_hall, bh_walls_and_bars
D:9:      layout_basic, uniq_erolcha
Temple:   nicolae_temple_figure_eight

Skill      XL: |  1  2  3  4  5  6  7  8  9 10 11 |
---------------+----------------------------------+-----
Conjurations   | 5 6 7 8 9 11 12 | 12.4
Spellcasting   | 3 4 5 7 8 10 | 10.3
Stealth        | 3 4 |  4.0
Hexes          | 3 4 |  4.0
Fighting       | 1 3 |  3.1
Armour         | 1 3 |  3.1
Dodging        | 2 |  2.9

Action                   |  1- 3 |  4- 6 |  7- 9 | 10-12 || total
-------------------------+-------+-------+-------+-------++-------
Melee: Unarmed           |    13 |       |       |       ||    13
       Whip              |     4 |    17 |       |       ||    21
       Short sword       |       |    23 |       |       ||    23
       Staff             |       |     2 |    15 |       ||    17
       Dagger            |       |       |    66 |    93 ||   159
       Trident           |       |       |       |    21 ||    21
 Cast: Magic Dart        |    53 |    86 |       |       ||   139
       Searing Ray       |     1 |     7 |    62 |    63 ||   133
       Fulminant Prism   |       |       |     5 |    13 ||    18
  Use: Potion            |       |       |       |     3 ||     3
 Stab: Sleeping          |     1 |       |     1 |     2 ||     4
Armor: Robe              |     5 |    15 |    60 |    78 ||   158
Dodge: Dodged            |    28 |    42 |    99 |   115 ||   284
